 Dungeon Crawl Stone Soup version 0.19.1-1-g22dce08 (webtiles) character file.

81 Peloso the Slasher (level 4, -2/37 HPs)
             Began as a Ghoul Gladiator on Dec 30, 2016.
             Slain by Sigmund
             ... wielding a +0 scythe
              (10 damage)
             ... on level 3 of the Dungeon.
             The game lasted 00:06:44 (2120 turns).

Peloso the Slasher (Ghoul Gladiator)                Turns: 2120, Time: 00:06:45

Health: -2/37      AC:  4    Str: 18    XL:     4   Next: 40%
Magic:  3/3        EV: 12    Int:  3    God:
Gold:   93         SH:  0    Dex: 10    Spells: 0 memorised, 3 levels left

rFire  . . .     SeeInvis .     a - +0 long sword
rCold  + . .     Gourm    .     b - +0 leather armour
rNeg   + + +     Faith    .     (no shield)
rPois  ∞         Spirit   .     g - +0 helmet
rElec  .         Reflect  .     (no cloak)
rCorr  .         Harm     .     (no gloves)
MR     .....                    (no boots)
Stlth  +.........               (no amulet)
                                (no ring)
                                (no ring)

@: rotting
A: rotting body, claws 1, carnivore 3, cold resistance 1, negative energy
resistance 3, slow regeneration 1, torment resistance, unbreathing
a: no special abilities


You were on level 3 of the Dungeon.
You were not hungry.

You visited 1 branch of the dungeon, and saw 3 of its levels.

You collected 93 gold pieces.

Inventory:

Hand Weapons
 a - a +0 long sword (weapon)
Missiles
 d - 3 throwing nets (quivered)
Armour
 b - a +0 leather armour (worn)
 c - a +0 helmet
 g - a +0 helmet (worn)
Wands
 p - a wand of polymorph (14/24)
 q - a wand of iceblast (6/15)
Scrolls
 e - a scroll of recharging {unknown}
 h - a scroll of fear {unknown}
 l - a scroll of amnesia {unknown}
 s - a scroll of identify
 t - a scroll of teleportation {unknown}
Potions
 i - a potion of mutation {unknown}
 j - a potion of heal wounds {unknown}
 k - a potion of agility {unknown}
 m - a potion of curing {unknown}
 n - a potion of resistance {unknown}
 o - a potion of might {unknown}
 v - a potion of brilliance {unknown}
Comestibles
 f - a meat ration
 r - a beef jerky


   Skills:
 + Level 2.5 Fighting
 + Level 3.7 Long Blades
 + Level 2.0 Throwing
 + Level 1.0 Armour
 + Level 3.1 Dodging
 + Level 0.2 Stealth


You had 3 spell levels left.
You didn't know any spells.

Dungeon Overview and Level Annotations

Branches:
Dungeon (3/15)

Altars:

Annotations:
D:3 Sigmund


Innate Abilities, Weirdness & Mutations

Your body is rotting away.
You thrive on raw meat.
You are immune to poison.
You have sharp fingernails.
You are carnivorous and can eat meat at any time.
Your flesh is cold resistant. (rC+)
You are immune to negative energy. (rN+++)
You regenerate slowly when monsters are visible.
You are immune to unholy pain and torment.
You can survive without breathing.


Message History

The magic dart hits you!
You closely miss something.
You hear some strange, mumbled words.
Something tries to affect you, but you resist.
You hit something. Something hits you!
* * * LOW HITPOINT WARNING * * *
Something hits you.
* * * LOW HITPOINT WARNING * * *
Eat one of 2 chunks of flesh? (ye/n/q)
You start eating one of the 2 chunks of flesh.
This raw flesh tastes great!
Eat a chunk of flesh? (ye/n/q)
You start eating the chunk of flesh.
Something hits you.
* * * LOW HITPOINT WARNING * * *
This raw flesh tastes great!
Something hits you.
* * * LOW HITPOINT WARNING * * *
You miss something. Something hits you but does no damage.
You miss something. Something hits you!
You die...

#.......#######
#.............#
#######.#####.#
#######.#####.#
...........##<#
##############.##.##.#
#.....^........##.##.#
#.###..####.....#.##.#
#@....#.#.###)##.#
#.###.#.#..##..... #.#
#.##.#.....# #.#
#.##.#.##### #.#
#.##.#...... #.#
#.##.####### #..
#.##.# # ... #.##.# #
#### #.##.# #


There were no monsters in sight!

Vanquished Creatures
  Jessica (D:3)
  2 worms (D:2)
  2 dart slugs
  2 ball pythons (D:1)
  A giant cockroach (D:1)
  6 goblins
  2 hobgoblins (D:1)
  4 jackals (D:2)
  5 kobolds
  8 bats
  10 frilled lizards
  6 rats
49 creatures vanquished.

Notes
Turn   | Place    | Note
-------+----------+-------------------------------------------
     0 | D:1      | Peloso the Ghoul Gladiator began the quest for the Orb.
     0 | D:1      | Reached XP level 1. HP: 17/17 MP: 0/0
   421 | D:1      | Reached XP level 2. HP: 21/24 MP: 1/1
   764 | D:1      | Reached XP level 3. HP: 29/30 MP: 2/2
  1598 | D:2      | Reached skill level 1 in Armour
  1956 | D:3      | Noticed Jessica
  1964 | D:3      | Killed Jessica
  1964 | D:3      | Reached XP level 4. HP: 37/37 MP: 3/3
  1972 | D:3      | Found a faded altar of an unknown god.
  2094 | D:3      | Noticed Sigmund
  2120 | D:3      | Slain by Sigmund

Skill      XL: |  1  2  3 |
---------------+----------+-----
Throwing       | 2 |  2.0
Long Blades    | 3 |  3.7
Dodging        | 3 |  3.1
Armour         | 1 |  1.0
Fighting       | |  2.5
Stealth        | |  0.2

Action                   |  1- 3 |  4- 6 || total
-------------------------+-------+-------++-------
Melee: Long sword        |   141 |    15 ||   156
  Use: Potion            |     1 |       ||     1
       Scroll            |     1 |       ||     1
  Eat: Chunk             |     9 |     3 ||    12
Armor: Leather armour    |    42 |     3 ||    45
Dodge: Dodged            |   123 |     3 ||   126
       Rpst.: Long sword |    33 |       ||    33
